 Dungeon Crawl Stone Soup version 0.26-a0-1184-g95e395e029 (webtiles) character file.

Game seed: 8763467379526698034

107 runemasterragnar the Covert (level 4, 0/41 HPs)
             Began as a Gnoll Delver on Dec 27, 2020.
             Slain by a worker ant (7 damage)
             ... on level 6 of the Dungeon.
             The game lasted 00:01:41 (727 turns).

runemasterragnar the Covert (Gnoll Delver)           Turns: 727, Time: 00:01:41

Health: 0/41       AC:  3    Str: 11 (14) XL:     4   Next: 86%
Magic:  5/5        EV: 14    Int: 13 (14) God:
Gold:   25         SH:  0    Dex: 13 (16) Spells: 5/5 levels left

rFire    . . .     SeeInvis .   a - +0 spear
rCold    . . .     Faith    .   (no shield)
rNeg     . . .     Spirit   .   b - +0 leather armour
rPois    .         Reflect  .   (no helmet)
rElec    .         Harm     .   (no cloak)
rCorr    .         Rampage  .   (no gloves)
Will     .....                  (no boots)
Stlth    ++++......             (no amulet)
HPRegen  0.13/turn              (no ring)
MPRegen  0.09/turn              (no ring)

@: berserk cooldown, hasted, very quick
A: distributed training, fangs 1, strong nose
a: no special abilities


You were on level 6 of the Dungeon.
You visited 1 branch of the dungeon, and saw 2 of its levels.

You collected 25 gold pieces.

Inventory:

Hand Weapons
 a - a +0 spear (weapon)
Armour
 b - a +0 leather armour (worn)
Wands
 g - a wand of digging (3)
Scrolls
 c - a scroll of fog
 d - a scroll of magic mapping
 e - a scroll of fear
 i - a scroll of remove curse {unknown}


   Skills:
 + Level 6.6 Fighting
 + Level 1.2 Short Blades
 + Level 1.2 Long Blades
 + Level 1.2 Axes
 + Level 1.2 Maces & Flails
 + Level 4.7 Polearms
 + Level 1.2 Staves
 + Level 1.2 Slings
 + Level 1.2 Bows
 + Level 1.2 Crossbows
 + Level 1.2 Throwing
 + Level 1.2 Armour
 + Level 4.7 Dodging
 + Level 9.6 Stealth
 + Level 1.2 Shields
 + Level 1.2 Unarmed Combat
 + Level 1.2 Spellcasting
 + Level 1.0 Conjurations
 + Level 1.0 Hexes
 + Level 1.0 Summonings
 + Level 1.0 Necromancy
 + Level 1.0 Translocations
 + Level 1.0 Transmutations
 + Level 1.0 Fire Magic
 + Level 1.0 Ice Magic
 + Level 1.0 Air Magic
 + Level 1.0 Earth Magic
 + Level 1.0 Poison Magic
 + Level 1.4 Invocations
 + Level 1.2 Evocations


You had 5 spell levels left.
You didn't know any spells.
Your spell library was empty.

Dungeon Overview and Level Annotations

Branches:
Dungeon (6/15)
 Temple: D:4-7

Altars:
Cheibriados


Innate Abilities, Weirdness & Mutations

Your experience applies equally to all skills.
You have very sharp teeth.
Your uncanny sense of smell can sniff out nearby items.


Message History

The worker ant is lightly wounded.
The worker ant bites you!
You barely miss the worker ant. Your punch misses the worker ant.
The worker ant is lightly wounded.
You hit the worker ant but do no damage.
The worker ant is lightly wounded.
The worker ant misses you.
You hit the worker ant.
The worker ant is moderately wounded.
The worker ant misses you.
You hit the worker ant but do no damage.
The worker ant is moderately wounded.
You closely miss the worker ant. Your bite misses the worker ant.
The worker ant is moderately wounded.
The worker ant bites you!
* * * LOW HITPOINT WARNING * * *
You barely miss the worker ant.
The worker ant is moderately wounded.
The worker ant bites you!
You die...

+.............#.
#.............. ∆
...#.<........# ......
.......# #.....#.#.....
#..#....#...# ######
.......###..####....#
#.#......[.....B@...#.#
.......#####...#......#
#.#..........####'###.#
...#)#######.#......# #
≈#... ∆ .)#.≈≈≈≈.# ###
##.#.≈≈≈≈.# ###.≈≈≈≈.#
#.≈≈≈≈.# #.≈≈≈≈.#


You could see a worker ant.

Vanquished Creatures
  A centaur zombie (D:6)
  A jelly (D:6)
  A worker ant (D:6)
  A worker ant zombie (D:5)
  An ufetubus (D:5)
  A leopard gecko (D:5)
  An orc (D:5)
7 creatures vanquished.

Vanquished Creatures (others)
  10 plants (D:6)
10 creatures vanquished.

Grand Total: 17 creatures vanquished

Notes
Turn   | Place    | Note
-------+----------+-------------------------------------------
     0 | D:5      | Reached skill level 9 in Stealth
     0 | D:5      | runemasterragnar the Gnoll Delver began the quest for the
                  | Orb.
     0 | D:5      | Reached XP level 1. HP: 23/23 MP: 1/1
    97 | D:5      | Found a snail-covered altar of Cheibriados.
    98 | D:5      | Noticed an orc wizard
   213 | D:5      | Reached XP level 2. HP: 21/29 MP: 2/2
   624 | D:6      | Noticed a bullfrog
   659 | D:6      | Reached skill level 1 in Invocations
   659 | D:6      | Reached XP level 3. HP: 35/35 MP: 2/4
   693 | D:6      | Reached skill level 1 in Short Blades
   693 | D:6      | Reached skill level 1 in Long Blades
   693 | D:6      | Reached skill level 1 in Axes
   693 | D:6      | Reached skill level 1 in Maces & Flails
   693 | D:6      | Reached skill level 1 in Staves
   693 | D:6      | Reached skill level 1 in Slings
   693 | D:6      | Reached skill level 1 in Bows
   693 | D:6      | Reached skill level 1 in Crossbows
   693 | D:6      | Reached skill level 1 in Throwing
   693 | D:6      | Reached skill level 1 in Armour
   693 | D:6      | Reached skill level 1 in Shields
   693 | D:6      | Reached skill level 1 in Unarmed Combat
   693 | D:6      | Reached skill level 1 in Spellcasting
   693 | D:6      | Reached skill level 1 in Evocations
   693 | D:6      | Reached XP level 4. HP: 41/41 MP: 5/5
   713 | D:6      | Reached skill level 1 in Conjurations
   713 | D:6      | Reached skill level 1 in Hexes
   713 | D:6      | Reached skill level 1 in Summonings
   713 | D:6      | Reached skill level 1 in Necromancy
   713 | D:6      | Reached skill level 1 in Translocations
   713 | D:6      | Reached skill level 1 in Transmutations
   713 | D:6      | Reached skill level 1 in Fire Magic
   713 | D:6      | Reached skill level 1 in Ice Magic
   713 | D:6      | Reached skill level 1 in Air Magic
   713 | D:6      | Reached skill level 1 in Earth Magic
   713 | D:6      | Reached skill level 1 in Poison Magic
   727 | D:6      | Slain by a worker ant

Illustrated notes

Levels and vault maps discovered:
D:5:      layout_basic, cheibriados_altar_1
D:6:      layout_basic, serial_bayou, serial_bayou_lagoon_b,
          serial_bayou_shore_b, serial_bayou_pond_e, serial_bayou_pond_c,
          nrook_pool_corridor, chequers_serial_rivers_small_a, minivault_19

Skill      XL: |  1  2  3  4 |
---------------+-------------+-----
Stealth        | |  9.6
Invocations    | 1 |  1.4
Short Blades   | 1 |  1.2
Long Blades    | 1 |  1.2
Axes           | 1 |  1.2
Maces & Flails | 1 |  1.2
Staves         | 1 |  1.2
Slings         | 1 |  1.2
Bows           | 1 |  1.2
Crossbows      | 1 |  1.2
Throwing       | 1 |  1.2
Armour         | 1 |  1.2
Shields        | 1 |  1.2
Unarmed Combat | 1 |  1.2
Spellcasting   | 1 |  1.2
Evocations     | 1 |  1.2
Conjurations   | 1 |  1.0
Hexes          | 1 |  1.0
Summonings     | 1 |  1.0
Necromancy     | 1 |  1.0
Translocations | 1 |  1.0
Transmutations | 1 |  1.0
Fire Magic     | 1 |  1.0
Ice Magic      | 1 |  1.0
Air Magic      | 1 |  1.0
Earth Magic    | 1 |  1.0
Poison Magic   | 1 |  1.0
Fighting       | |  6.6
Polearms       | |  4.7
Dodging        | |  4.7

Action                   |  1- 3 |  4- 6 || total
-------------------------+-------+-------++-------
Melee: Spear             |    41 |    13 ||    54
       Bite              |     8 |     1 ||     9
  Use: Scroll            |     1 |       ||     1
       Potion            |     1 |     2 ||     3
 Stab: Sleeping          |     1 |       ||     1
Armor: Leather armour    |     6 |     1 ||     7
Dodge: Dodged            |    33 |    11 ||    44

Table legend: (Time is in decaauts)
 A = Elapsed time spent in this place.
 B = Non-inter-level travel time spent in this place.
 C = Inter-level travel time spent in this place.
 D = Time resting spent in this place.
 E = Time spent auto-exploring this place.
 F = Levels seen in this place.
 G = Mean time per level.
                   A        B        C        D        E       F      G
               +--------+--------+--------+--------+--------+-----+--------+
         Total |    722 |    722 |      0 |    298 |    221 |   2 |  361.0 |
       Dungeon |    722 |    722 |      0 |    298 |    221 |   2 |  361.0 |
               +--------+--------+--------+--------+--------+-----+--------+

Top non-repeatable levels by time:
     D:6: 362 daAuts
     D:5: 360 daAuts
